 Dungeon Crawl Stone Soup version bcrawl-1.37.2 (webtiles) character file.

Game seed: 15671347323057968485

298412 Mehrunes the Destroyer (level 11, -7/71 HPs)
             Began as a Skeleton Fire Elementalist on Nov 3, 2022.
             Was an Elder of Sif Muna.
             Mangled by a shadow wraith (25 damage)
             ... on level 11 of the Dungeon.
             The game lasted 00:31:53 (14444 turns).

Mehrunes the Destroyer (SkFE)                      Turns: 14444, Time: 00:31:54

Health: -7/71      AC: 12    Str: 18    XL:     11   Next: 72%
Magic:  0/24       EV: 14    Int: 19    God:    Sif Muna [****..]
Gold:   989        SH:  0    Dex:  9    Spells: 4/28 levels left

rFire    + . .     GDR:     21% r - +2 dagger (venom)
rCold    + . .     SeeInvis .   (no shield)
rNeg     + + +     Gourm    .   G - +1 ring mail of Elyvilon's Pride {rElec rC+ Str+3} (curse)
rPois    ∞         Faith    .   n - +2 helmet
rElec    +         Spirit   +   z - +0 cloak
rCorr    .         Reflect  .   o - +0 pair of gloves
MR       +....                  w - +0 pair of boots
Stlth    ++........             (no amulet)
HPRegen  0.21/turn              u - ring of Waqennac {Fire Int+2}
MPRegen  0.19/turn              (no ring)

@: slowed, very slow
A: no food or potions, cold resistance 1, deterioration 1, negative energy
resistance 3, powered by death 1, torment resistance, unbreathing, magic shield,
sturdy frame 2, spell healing
a: Divine Energy, Channel Magic, Forget Spell, Renounce Religion


You were on level 11 of the Dungeon.
You worshipped Sif Muna.
Sif Muna was greatly pleased with you.
You were not hungry.

You visited 2 branches of the dungeon, and saw 12 of its levels.
You also visited: Sewer and Ossuary.

You collected 989 gold pieces.

Inventory:

Hand Weapons
 b - a +0 club
 e - a +0 dagger
 p - a -2 rapier
 r - a +2 dagger of venom (weapon)
 s - a +0 blowgun
Missiles
 d - 2843 stones (quivered)
 t - 176 poisoned needles
 B - 262 poisoned tomahawks
 J - 2 throwing nets {=f}
Armour
 k - a +2 robe of cold resistance
 n - a +2 helmet (worn)
 o - a +0 pair of gloves (worn)
 w - a +0 pair of boots (worn)
 z - a +0 cloak (worn)
 E - a +2 robe of positive energy
 G - the cursed +1 ring mail of Elyvilon's Pride (worn) {rElec rC+ Str+3}
   (You found it on level 9 of the Dungeon)

   It affects your strength (+3).
   It protects you from cold.
   It insulates you from electricity.
   It has a curse placed upon it.
 L - a +2 medium shield
Jewellery
 a - the cursed ring "Meunyu" {MR+ Dex+2 Slay-5 Stlth--}
   (You took it off an orc on level 8 of the Dungeon)

   [ring of attention]

   It affects your dexterity (+2).
   It affects your accuracy and damage with ranged weapons and melee attacks
   (-5).
   It affects your resistance to hostile enchantments.
   It makes you much less stealthy.
   It has a curse placed upon it.
 h - an uncursed ring of teleportation
 u - the ring of Waqennac (left hand) {Fire Int+2}
   (You took it off a gnoll on level 4 of the Dungeon)

   [ring of fire]

   It enhances your fire magic.
   It affects your intelligence (+2).
   It protects you from fire.
   It makes you vulnerable to cold.
 F - an uncursed amulet of the acrobat {unknown}
Wands
 q - a wand of polymorph (11)
 v - a wand of flame (2)
 A - a wand of paralysis (6)
 C - a wand of digging (14)
 D - a wand of charming (4)
Scrolls
 c - 6 scrolls of remove curse
 f - 3 scrolls of magic mapping
 g - 8 scrolls of enchant armour
 i - 7 scrolls of identify
 j - 3 scrolls of enchant weapon
 l - a scroll of noise {unknown}
 m - 3 scrolls of teleportation
 x - 3 scrolls of fog {unknown}
 y - 2 scrolls of fear {unknown}
 I - a scroll of immolation {unknown}
 K - a scroll of acquirement {unknown}
Miscellaneous
 H - a sack of spiders


   Skills:
 + Level 9.5 Fighting
 + Level 7.0 Dodging
 - Level 2.4 Stealth
 - Level 9.1 Spellcasting
 + Level 11.2 Conjurations
 - Level 4.0 Charms
 - Level 7.9 Fire Magic
 - Level 4.0 Air Magic
 + Level 1.0 Invocations


You had 4 spell levels left.
You knew the following spells:

 Your Spells              Type           Power        Failure   Level  Hunger
a - Flame Tongue          Conj/Fire      #####        1%          1    N/A
b - Conjure Flame         Conj/Fire      ######..     1%          3    N/A
c - Sticky Flame          Conj/Fire      ######..     1%          4    N/A
d - Fireball              Conj/Fire      ######....   4%          5    N/A
e - Iskenderun's Battles  Conj/Chrm      #####...     11%         5    N/A
f - Deflect Missiles      Chrm/Air       ###.......   95%         6    N/A

Your spell library contained the following spells:

 Spells                   Type           Power        Failure   Level  Hunger
 Flaming Arrows           Chrm/Fire      #####...     1%          2    N/A
 Swiftness                Chrm/Air       ###.....     2%          2    N/A
 Inner Flame              Hex/Fire       N/A          5%          3    N/A
 Apportation              Tloc           #.....       9%          1    N/A
 Ensorcelled Hibernation  Hex/Ice        #.....       14%         2    N/A
 Teleport Other           Tloc           #.......     26%         3    N/A
 Force Lance              Tloc           #.......     65%         4    N/A
 Steam Barrier            Chrm/Fire      #####.....   22%         5    N/A
 Conjure Ball Lightning   Conj/Air       #####.....   52%         6    N/A
 Summon Lightning Spire   Summ/Air       ###.....     73%         5    N/A
 Borgnjor's Vile Clutch   Necr/Erth      #.........   100%        6    N/A
 Darkness                 Hex            #.........   100%        6    N/A
 Infestation              Hex/Tmut/Pois  #........    100%        6    N/A
 Malign Gateway           Summ/Tloc      #.........   100%        7    N/A
 Shadow Creatures         Summ           N/A          100%        7    N/A
 Time Stop                Chrm/Tloc      N/A          100%        8    N/A

Dungeon Overview and Level Annotations

Branches:
Dungeon (11/12)            Temple (1/1) D:7            Lair (0/6) D:8
    Orc (0/1) D:10
 Vaults: D:11-12

Altars:
Ashenzari
Cheibriados
Dithmenos
Gozag
Hepliaklqana
Kikubaaqudgha
Lugonu
Makhleb
Nemelex Xobeh
Okawaru
Qazlal
Ru
Sif Muna
Trog
Uskayaw
Vehumet
Wu Jian
Xom
Yredelemnul
Jiyva

Shops:
D:5 (

Annotations:
D:1 1 exclusion
D:2 2 exclusions
D:5 1 runed door
D:8 2 transporters
D:10 2 transporters, yrara's ghost, journeyman DsFi


Innate Abilities, Weirdness & Mutations

You do not eat or drink.
You are immune to poison.
Your flesh is cold resistant. (rC+)
Your body sometimes deteriorates upon taking damage.
You are immune to negative energy. (rN+++)
You regenerate a little health from kills.
You are immune to unholy pain and torment.
You can survive without breathing.
When hurt, damage is shared between your health and your magic reserves.
Your movements are less encumbered by armour. (ER -4)
Casting spells heals you.


Message History

Something barely misses you. x2
Something hits you. Something drains your vigour!
You feel as though you will be slow longer.
Casting: Sticky Flame (safe; 1% risk of failure)
Confirm with . or Enter, or press ? or * to list all spells.
Aiming: Sticky Flame (safe; 1% risk of failure)
Press: ? - help, Shift-Dir - straight line You feel a surge of power!
The sticky flame hits something but does no damage.
Something hits you! Something drains your vigour!
You feel as though you will be slow longer.
Something hits you. Something drains your vigour!
You feel as though you will be slow longer.
Something hits you!!
* * * LOW HITPOINT WARNING * * *
Something drains your vigour!
You feel as though you will be slow longer.
Something hits you but does no damage. Something hits you!!
You die...

#.# #########.# #
#.........# .#.#
##.........# ########.#.#.
#..........###............
...........##.........#...
..........................
##........####.......^..##
................@<........
##.#########....)........#
..... #............#...
###### #)#...<......# .
#.#.#....#...# #
#..............
###......###.### ###.....
.. ###### ...


There were no monsters in sight!

Vanquished Creatures
  Harold (D:10)
  Psyche (D:9)
  A hydra (D:10)
  3 death yaks (D:8)
  A two-headed ogre (D:8)
  A rime drake (shapeshifter) (D:11)
  A queen bee (D:8)
  A troll (D:7)
  A hippogriff (D:4)
  A merfolk (shapeshifter) (D:11)
  Prince Ribbit (D:6)
  4 slime creatures (D:10)
  A harpy skeleton (D:10)
  9 yaks
  A wyvern (D:10)
  A basilisk (D:5)
  A warg (D:10)
  A water moccasin (D:6)
  5 orc warriors
  A sky beast (D:2)
  2 hornet zombies
  A necrophage (D:5)
  2 ice beasts
  5 ogres
  A phantom (D:7)
  3 bullfrogs
  2 kobold brigands
  An elf zombie (Ossuary)
  2 centaurs (D:5)
  2 wyvern skeletons
  A scorpion (D:8)
  14 killer bees (D:8)
  2 howler monkeys
  8 orc priests
  A wolf skeleton (D:10)
  7 crimson imps
  A bullfrog zombie (D:6)
  3 human zombies (Ossuary)
  4 jellies
  A hound (D:3)
  A bullfrog skeleton (D:5)
  6 worker ants
  2 iguanas
  8 orc wizards
  Ijyb (D:3)
  A killer bee zombie (D:7)
  A kobold zombie (Ossuary)
  Robin (D:3)
  2 mummies (Ossuary)
  3 worker ant zombies
  6 gnolls
  3 river rats
  15 adders
  A shadow imp (D:5)
  An ooze (D:1)
  An adder skeleton (D:5)
  4 worms
  3 dart slugs
  2 leopard geckos
  28 orcs
  2 giant cockroaches (D:1)
  2 gnoll zombies (Ossuary)
  8 hobgoblins
  17 jackals
  18 kobolds
  2 quokkas
  4 ball pythons
  4 bats
  8 frilled lizards
  10 goblins
  A goblin zombie (Ossuary)
  2 hobgoblin zombies (Ossuary)
  4 orc zombies (Ossuary)
  A quokka zombie (D:5)
  6 rats
  4 plants (Sewer)
283 creatures vanquished.

Notes
Turn   | Place    | Note
-------+----------+-------------------------------------------
     0 | D:1      | Mehrunes the Skeleton Fire Elementalist began the quest for
                  | the Orb.
     0 | D:1      | Reached XP level 1. HP: 10/10 MP: 4/4
   321 | D:1      | Reached XP level 2. HP: 16/16 MP: 0/6
   476 | D:1      | Reached skill level 1 in Fighting
   573 | D:1      | Reached skill level 2 in Conjurations
   890 | D:1      | Found a viscous altar of Jiyva.
  1002 | D:1      | Reached XP level 3. HP: 20/20 MP: 6/8
  1274 | D:2      | Learned a level 3 spell: Conjure Flame
  1567 | D:2      | Noticed a sky beast
  1742 | D:2      | HP: 1/20 [sky beast (5)]
  1805 | D:2      | Killed a sky beast
  1806 | D:2      | Reached skill level 3 in Conjurations
  1806 | D:2      | Reached XP level 4. HP: 2/26 MP: 0/10
  1806 | D:2      | Reached XP level 5. HP: 3/30 MP: 0/11
  2047 | D:2      | Learned a level 4 spell: Sticky Flame
  2300 | D:2      | Found a sacrificial altar of Ru.
  2974 | D:3      | Gained mutation: You regenerate a little health from kills.
                  | [Skeleton growth]
  2974 | D:3      | Reached XP level 6. HP: 36/36 MP: 9/13
  3138 | D:3      | Noticed Robin
  3239 | D:3      | Killed Robin
  3240 | D:3      | Reached skill level 5 in Spellcasting
  3710 | D:3      | Reached skill level 4 in Conjurations
  3906 | D:3      | Noticed Ijyb
  3914 | D:3      | Learned a level 5 spell: Fireball
  3973 | D:3      | Killed Ijyb
  4148 | D:4      | Noticed a hippogriff
  4162 | D:4      | Killed a hippogriff
  4163 | D:4      | Reached XP level 7. HP: 38/41 MP: 2/15
  4329 | D:4      | Reached skill level 5 in Conjurations
  4329 | D:4      | Reached skill level 5 in Fire Magic
  4639 | D:4      | Identified the ring of Waqennac {Fire Int+2}
  5051 | D:4      | Found a blossoming altar of Fedhas.
  5202 | D:5      | Entered Level 5 of the Dungeon
  5263 | D:5      | Reached XP level 8. HP: 43/48 MP: 4/18
  5338 | D:5      | Found Dinky's Weapon Shop.
  5437 | D:5      | Found a glowing drain.
  5446 | Sewer    | Entered a sewer
  5863 | Sewer    | Reached skill level 6 in Conjurations
  6326 | D:5      | Found a runed door.
  6385 | D:5      | Reached skill level 5 in Fighting
  7315 | D:6      | Reached skill level 7 in Conjurations
  7406 | D:6      | Noticed Prince Ribbit
  7413 | D:6      | Killed Prince Ribbit
  7414 | D:6      | Reached XP level 9. HP: 47/55 MP: 13/21
  7810 | D:7      | Noticed a troll
  7832 | D:7      | Killed a troll
  8089 | D:7      | Found a sand-covered staircase.
  8093 | Ossuary  | Entered an ossuary
  8508 | D:7      | Found a staircase to the Ecumenical Temple.
  8519 | D:7      | Reached skill level 8 in Conjurations
  8535 | Temple   | Entered the Ecumenical Temple
  8630 | Temple   | Became a worshipper of Sif Muna the Loreminder
  9482 | D:8      | Noticed a two-headed ogre
  9519 | D:8      | Reached * piety under Sif Muna
  9594 | D:8      | Found a transporter.
  9595 | D:8      | Noticed a two-headed ogre
  9595 | D:8      | Noticed a troll
  9596 | D:8      | Found a roughly hewn altar of Beogh.
  9596 | D:8      | Found a transporter.
  9596 | D:8      | Noticed a troll
 10071 | D:8      | Found a staircase to the Lair.
 10071 | D:8      | Noticed a death yak
 10071 | D:8      | Noticed a death yak
 10072 | D:8      | Noticed a death yak
 10175 | D:8      | Found an opulent altar of Gozag.
 10209 | D:8      | Gained mutation: Your movements are less encumbered by
                  | armour. (ER -4) [Skeleton growth]
 10209 | D:8      | Reached XP level 10. HP: 42/63 MP: 3/23
 10349 | D:8      | Identified Ceyx's Guide on the Assistive Birds (Sif Muna
                  | gifted it to you on level 8 of the Dungeon)
 10349 | D:8      | Received a gift from Sif Muna
 10364 | D:8      | Learned a level 5 spell: Iskenderun's Battlesphere
 10370 | D:8      | Reached ** piety under Sif Muna
 10378 | D:8      | Learned a level 6 spell: Deflect Missiles
 10399 | D:8      | Killed a two-headed ogre
 10400 | D:8      | Reached skill level 9 in Conjurations
 10400 | D:8      | Reached skill level 1 in Charms
 10400 | D:8      | Reached skill level 1 in Air Magic
 10695 | D:8      | Identified the cursed ring "Meunyu" {MR+ Dex+2 Slay-5
                  | Stlth--}
 10968 | D:8      | Killed a death yak
 10969 | D:8      | Reached *** piety under Sif Muna
 11033 | D:8      | Killed a death yak
 11061 | D:8      | Killed a death yak
 11062 | D:8      | Reached skill level 5 in Dodging
 11627 | D:9      | Noticed Psyche
 11641 | D:9      | Killed Psyche
 11642 | D:9      | Reached skill level 10 in Conjurations
 11642 | D:9      | Reached XP level 11. HP: 42/69 MP: 3/24
 11850 | D:9      | Found a corrupted altar of Lugonu.
 12057 | D:9      | Got a scorched ring mail
 12386 | D:10     | Entered Level 10 of the Dungeon
 12396 | D:10     | Noticed an eight-headed hydra
 12516 | D:10     | Noticed Harold
 12794 | D:10     | Identified the cursed +1 ring mail of Elyvilon's Pride
                  | {rElec rC+ Str+3} (You found it on level 9 of the Dungeon)
 13090 | D:10     | Reached **** piety under Sif Muna
 13134 | D:10     | Found a staircase to the Orcish Mines.
 13446 | D:10     | Noticed yrara's ghost (journeyman DsFi)
 13449 | D:10     | Identified the cursed +3 dire flail "Feattost" {venom,
                  | Str-5 Dex+6}
 13449 | D:10     | Noticed a two-headed ogre
 13450 | D:10     | Noticed a two-headed ogre
 13451 | D:10     | Found a transporter.
 13454 | D:10     | Noticed a two-headed ogre
 13456 | D:10     | Found a transporter.
 13531 | D:10     | Killed Harold
 13905 | D:10     | Identified Sif Muna's Catalogue of the Lucky Voyage (Sif
                  | Muna gifted it to you on level 10 of the Dungeon)
 13905 | D:10     | Received a gift from Sif Muna
 13961 | D:10     | Reached skill level 11 in Conjurations
 14071 | D:10     | Killed an eight-headed hydra
 14349 | D:11     | Noticed a harpy
 14351 | D:11     | a harpy changed into a rime drake
 14365 | D:11     | Reached skill level 1 in Invocations
 14444 | D:11     | Mangled by a shadow wraith

Skill      XL: |  1  2  3  4  5  6  7  8  9 10 11 |
---------------+----------------------------------+-----
Fighting       | 1 2 3 4 5 7 8 9 |  9.5
Conjurations   | 2 3 4 5 7 8 10 11 | 11.2
Spellcasting   | 4 5 6 8 9 |  9.1
Fire Magic     | 4 5 6 7 |  7.9
Dodging        | 3 5 7 |  7.0
Charms         | 4 |  4.0
Air Magic      | 3 4 |  4.0
Invocations    | 1 |  1.0
Stealth        | |  2.4

Action                   |  1- 3 |  4- 6 |  7- 9 | 10-12 || total
-------------------------+-------+-------+-------+-------++-------
Melee: Unarmed           |     3 |       |       |       ||     3
       Club              |     2 |       |       |       ||     2
       Dagger            |    16 |    12 |   458 |    79 ||   565
       Rapier            |       |     3 |       |       ||     3
Throw: Stone             |     1 |       |       |       ||     1
 Cast: Flame Tongue      |    59 |    98 |   109 |   132 ||   398
       Conjure Flame     |     2 |       |     4 |     1 ||     7
       Sticky Flame      |       |     4 |    52 |    45 ||   101
       Fireball          |       |       |     3 |    11 ||    14
       Iskenderun's Batt |       |       |       |    21 ||    21
Evoke: Wand              |     4 |       |       |       ||     4
  Use: Scroll            |       |     6 |     4 |       ||    10
Armor: Robe              |     5 |    22 |   154 |    38 ||   219
       Ring mail         |       |       |       |    19 ||    19
Dodge: Dodged            |    29 |    36 |   286 |   132 ||   483
